 Dungeon Crawl Stone Soup version 0.31.0-4-g52a2dc7128 (console) character file.

Game seed: 7743242620677852525

2237 AlterAsc the Nimble (level 9, 0/45 HPs)
             Began as a Spriggan Shapeshifter on Jan 21, 2024.
             Was a Believer of Okawaru.
             Engulfed by a steam dragon's steam (14 damage)
             ... on level 7 of the Dungeon.
             The game lasted 00:33:06 (8972 turns).

AlterAsc the Nimble (Spriggan Shapeshifter)         Turns: 8972, Time: 00:33:07

Health: 0/45       AC:  0    Str: 10    XL:     9   Next: 14%
Magic:  12/12      EV: 28    Int: 11    God:    Okawaru [**....]
Gold:   320        SH:  0    Dex: 19    Spells: 8/8 levels left

rFire   . .          .
                       - Unarmed
rCold   . . .        (shield currently unavailable)
rNeg    . . .        a - melded +0 animal skin
rPois   .            (helmet restricted)
rElec   .            (no cloak)
rCorr   .            (gloves unavailable)
SInv    +            (boots unavailable)
Will    +....        (no amulet)
Stlth   +            (no ring)
HPRegen 0.27/turn    (no ring)
MPRegen 0.13/turn

%: no passive effects
@: flux-form, glowing, very quick
A: glow, contaminating, very small, no large weapons, unfitting armour, see
invisible, speed 3
a: Begin Untransformation, Renounce Religion, Heroism


You were on level 7 of the Dungeon.
You worshipped Okawaru.
Okawaru was pleased with you.
You were something dangerously unstable.
You visited 2 branches of the dungeon, and saw 8 of its levels.

You collected 320 gold pieces.

Inventory:

Hand Weapons
 v - the +9 quarterstaff "Fihoh" {speed, *Slow Str+5}
   (You found it on level 3 of the Dungeon)

   Str+5:     It affects your strength (+5).
   *Slow:     It may slow you when you take damage.
 G - the +1 dagger "Suin" {flame, rElec Dex+3}
   (You found it on level 7 of the Dungeon)

   Dex+3:     It affects your dexterity (+3).
   rElec:     It insulates you from electricity.
Missiles
 q - 3 atropa-tipped darts
 u - 3 poisoned darts (quivered)
 z - 40 stones
 D - a curare-tipped dart
Armour
 a - a +0 animal skin (melded)
Jewellery
 l - the amulet of Sunlight {*Corrode Regen+ Str+5 Int+3}
   (You found it on level 4 of the Dungeon)

   [amulet of regeneration]

   Str+5:     It affects your strength (+5).
   Int+3:     It affects your intelligence (+3).
   Regen+:    It increases your rate of health regeneration.
   *Corrode:  It may corrode you when you take damage.
 y - a ring of positive energy
Talismans
 c - a beast talisman
 d - a flux talisman (active)
Wands
 B - a wand of flame (12)
 E - a wand of digging (11)
Scrolls
 f - a scroll of silence {unknown}
 h - 2 scrolls of identify {unknown}
 i - a scroll of fear {unknown}
 j - 3 scrolls of enchant weapon
 m - a scroll of blinking
 n - a scroll of amnesia {unknown}
 p - a scroll of torment {unknown}
 s - 3 scrolls of noise
 x - 2 scrolls of vulnerability {unknown}
 A - a scroll of teleportation {unknown}
 C - a scroll of butterflies {unknown}
 F - a scroll of enchant armour {unknown}
Potions
 b - a potion of magic {unknown}
 e - 3 potions of heal wounds {unknown}
 g - 2 potions of ambrosia {unknown}
 k - a potion of curing
 o - 3 potions of invisibility {unknown}
 r - a potion of berserk rage {unknown}
 t - 2 potions of might {unknown}
 w - a potion of brilliance {unknown}


   Skills:
 + Level 4.1 Fighting
 + Level 10.0 Dodging
 + Level 3.1 Unarmed Combat
 + Level 2.7 Invocations
 + Level 9.6 Shapeshifting


You had 8 spell levels left.
You didn't know any spells.
Your spell library contained the following spells:

 Spells                   Type           Power      Damage    Failure   Level
 Sting                    Conj/Alch      0%         1d3       34%         1
 Blink                    Tloc           0%         N/A       47%         2
 Lesser Beckoning         Tloc           0%         N/A       47%         2
 Mercury Vapours          Alch/Air       0%         N/A       47%         2
 Momentum Strike          Conj/Tloc      0%         3d8       47%         2
 Sublimation of Blood     Necr           0%         N/A       47%         2
 Mephitic Cloud           Conj/Alch/Air  0%         N/A       71%         3
 Olgreb's Toxic Radiance  Alch           0%         N/A       98%         4
 Freezing Cloud           Conj/Ice/Air   0%         6-21      100%        5
 Summon Small Mammal      Summ           Unusable   N/A       N/A         1
 Call Imp                 Summ           Unusable   N/A       N/A         2
 Call Canine Familiar     Summ           Unusable   N/A       N/A         3
 Summon Blazeheart Golem  Fire/Summ      Unusable   N/A       N/A         4
 Summon Hydra             Summ           Unusable   N/A       N/A         7

Dungeon Overview and Level Annotations

Branches:
Dungeon (7/15)             Temple (1/1) D:5

Altars:
Ashenzari
Dithmenos
Fedhas
Hepliaklqana
Makhleb
Okawaru
Qazlal
Ru
Vehumet
Wu Jian
Xom
Zin
The Shining One
Lugonu


Innate Abilities, Weirdness & Mutations

You are something dangerously unstable.
You glow with magical radiation, making you easy to see and hit.
Foes you strike become dangerously contaminated with magical radiation.
You are incapable of wielding weapons or throwing items.
You are very small and have problems with some larger weapons.
You are too small for most types of armour.
You have supernaturally acute eyesight. (SInv)
You cover ground extremely quickly. (Speed+++)


Message History

Here: a steam dragon (contaminated)
The floor.
You hit the steam dragon.
The steam dragon glows dangerously bright.
The steam dragon is lightly wounded.
The steam dragon completely misses you. x2
You hit the steam dragon.
The steam dragon shudders as magic cascades through it!
The steam dragon twists and deforms.
The steam dragon is heavily wounded.
The steam dragon completely misses you. The steam dragon closely misses you.
You closely miss the steam dragon.
The steam dragon is heavily wounded.
The steam dragon breathes steam at you. The ball of steam misses you.
You hit the steam dragon.
The steam dragon begins to glow.
The steam dragon is heavily wounded.
You are engulfed in a cloud of scalding steam.
The steam dragon misses you. The steam dragon completely misses you.
You barely miss the steam dragon.
The steam dragon is heavily wounded.
You are engulfed in a cloud of scalding steam.
The steam dragon closely misses you. The steam dragon misses you.
You hit the steam dragon.
The steam dragon glows dangerously bright.
The steam dragon is severely wounded.
The steam dragon breathes steam at you. The ball of steam hits you!
* * * LOW HITPOINT WARNING * * *
It was a potion of curing.
You feel better.
You are engulfed in a cloud of scalding steam.
* * * LOW HITPOINT WARNING * * *
The steam dragon completely misses you. x2
You feel better.
You are engulfed in a cloud of scalding steam.
* * * LOW HITPOINT WARNING * * *
The steam dragon completely misses you. x2
You feel better.
You are engulfed in a cloud of scalding steam.
You die...

§..## #............#.#
...#
####.#..####.#.########
..## #.#..#
#.#.......<# ..# #.#..#
#.#.######## ..# #.#..#
#.### ..# #...## #.#
..########...# #[#
..#.....##...# #.#
....###.##...# #.#
....#......#.#####.#
....#.#.#..#.#§§pD.#
..#......>##.#.#####
...####.#.##.#.#
...'....#.##.#.#
...######.##.#.# ...#
#.##.#.# ...# #.##.#.#
#### #.#.##############
#.#..............#
#.#############.##
#........D...##.#


You could see a steam dragon (heavy contam, catching breath, misshapen).

Vanquished Creatures
  A water moccasin (D:6)
  2 orc warriors (D:7)
  An ice beast (D:7)
  3 ogres
  A centaur (D:6)
  2 phantoms
  3 bullfrogs
  A kobold brigand (D:6)
  2 scorpions (D:5)
  6 wights
  A jelly (D:6)
  A quasit (D:4)
  3 hounds
  An orc priest (D:6)
  3 sleepcaps
  2 iguanas (D:6)
  4 orc wizards
  12 adders
  A shadow imp (D:4)
  3 white imps
  4 ufetubi (D:4)
  2 dart slugs
  2 ribbon worms
  31 orcs
  5 bats
  4 endoplasms
  4 giant cockroaches
  7 hobgoblins
  3 jackals (D:1)
  6 quokkas
  4 ball pythons
  6 frilled lizards (D:3)
  11 goblins
  10 kobolds
  4 rats
156 creatures vanquished.

Notes
Turn   | Place    | Note
-------+----------+-------------------------------------------
     0 | D:1      | AlterAsc the Spriggan Shapeshifter began the quest for the
                  | Orb.
     0 | D:1      | Reached XP level 1. HP: 9/9 MP: 2/2
   116 | D:1      | Reached skill level 1 in Fighting
   149 | D:1      | Reached skill level 3 in Dodging
   149 | D:1      | Reached XP level 2. HP: 14/14 MP: 3/3
   773 | D:2      | Reached XP level 3. HP: 12/18 MP: 4/4
  1019 | D:2      | Found a faded altar of an unknown god.
  1093 | D:2      | Reached XP level 4. HP: 22/22 MP: 5/5
  1745 | D:3      | Reached skill level 4 in Dodging
  1812 | D:3      | Reached skill level 5 in Shapeshifting
  1892 | D:3      | Reached XP level 5. HP: 26/26 MP: 6/6
  2159 | D:3      | Identified the +9 quarterstaff "Fihoh" {speed, *Slow Str+5}
  2271 | D:3      | You fall into a shaft and drop 2 floors!
  2271 | D:5      | Entered Level 5 of the Dungeon
  2907 | D:4      | Reached skill level 5 in Dodging
  3037 | D:4      | Reached XP level 6. HP: 14/32 MP: 7/7
  4058 | D:4      | Identified the amulet of Sunlight {*Corrode Regen+ Str+5
                  | Int+3}
  4097 | D:4      | Found a glowing silver altar of Zin.
  4688 | D:5      | Found a radiant altar of Vehumet.
  4694 | D:5      | Found a blossoming altar of Fedhas.
  4833 | D:5      | Reached skill level 6 in Dodging
  4833 | D:5      | Reached XP level 7. HP: 28/36 MP: 8/8
  5428 | D:4      | Reached skill level 7 in Dodging
  5680 | D:5      | Found a staircase to the Ecumenical Temple.
  5692 | Temple   | Entered the Ecumenical Temple
  5709 | Temple   | Became a worshipper of Warmaster Okawaru
  6115 | D:6      | Reached XP level 8. HP: 32/42 MP: 9/9
  6888 | D:6      | Reached skill level 8 in Dodging
  7231 | D:6      | Reached * piety under Okawaru
  7613 | D:6      | Reached skill level 9 in Dodging
  7990 | D:7      | Reached skill level 1 in Invocations
  8056 | D:7      | Found a shadowy altar of Dithmenos.
  8066 | D:7      | Reached ** piety under Okawaru
  8067 | D:7      | Reached XP level 9. HP: 45/45 MP: 11/11
  8395 | D:7      | Identified the +1 dagger "Suin" {flame, rElec Dex+3}
  8505 | D:7      | Reached skill level 10 in Dodging
  8972 | D:7      | Engulfed by a steam dragon's steam

Illustrated notes

Levels and vault maps discovered:
D:1:      minmay_arrival_four_houses, layout_basic,
          minmay_misc_feat_secret_circle
D:2:      layout_loops_ring, ebering_ecumenical_altar_hall,
          chequers_serial_rivers_room_a
D:3:      minmay_thinvault, layout_rooms
D:4:      layout_loops_ring, zin_treasury, serial_demonic, serial_demonic_d,
          serial_demonic_c, serial_demonic_g, serial_demonic_f
D:5:      layout_rooms, grunt_temple_overflow_open, lemuel_temple_firewalk_b
D:6:      layout_cave_pods
D:7:      layout_basic, nicolae_dithmenos_the_darkroom
Temple:   kb_corrupted_temple

Skill      XL: |  1  2  3  4  5  6  7  8  9 |
---------------+----------------------------+-----
Fighting       | 1 2 3 4 |  4.1
Dodging        | 3 4 5 6 7 9 10 | 10.0
Unarmed Combat | 3 |  3.1
Shapeshifting  | 5 6 7 9 |  9.6
Invocations    | 2 |  2.7

Action                     |  1- 3 |  4- 6 |  7- 9 || total
---------------------------+-------+-------+-------++-------
  Melee: Unarmed           |    65 |   253 |   297 ||   615
         Punch             |     1 |     7 |     1 ||     9
  Throw: Stone             |     4 |    38 |       ||    42
         Dart              |       |    48 |    14 ||    62
    Use: Scroll            |       |     1 |     3 ||     4
         Potion            |       |     1 |     3 ||     4
   Stab: Sleeping          |     4 |     5 |       ||     9
 Armour: Animal skin       |    10 |    77 |    11 ||    98
         Skin              |       |     4 |    60 ||    64
  Dodge: Dodged            |    49 |   249 |   274 ||   572
   Form: Flux              |       |       |     1 ||     1
